 Dungeon Crawl Stone Soup version 0.24.0-13-gcf9b3192b9 (webtiles) character file.

Game seed: 18289315384509293929, levelgen mode: deterministic

648 Aviak the Covered (level 7, 0/62 HPs)
             Began as a Minotaur Fighter on Nov 9, 2019.
             Slain by Menkaure (12 damage)
             ... on level 4 of the Dungeon.
             The game lasted 00:02:28 (2417 turns).

Aviak the Covered (Minotaur Fighter)                Turns: 2417, Time: 00:02:28

Health: 0/62       AC:  8    Str: 22    XL:     7   Next: 27%
Magic:  6/6        EV:  8    Int:  5    God:
Gold:   190        SH: 10    Dex: 10    Spells: 6/6 levels left

rFire    . . .     SeeInvis .   a - +0 war axe
rCold    . . .     Gourm    .   c - +0 shield
rNeg     . . .     Faith    .   b - +0 scale mail
rPois    .         Spirit   .   (helmet restricted)
rElec    .         Reflect  .   (no cloak)
rCorr    .         Harm     .   (no gloves)
MR       .....                  r - +0 pair of boots
Stlth    ..........             (no amulet)
HPRegen  0.20/turn              (no ring)
MPRegen  0.10/turn              (no ring)

@: no status effects
A: retaliatory headbutt, horns 2
a: no special abilities


You were on level 4 of the Dungeon.
You were not hungry.

You visited 1 branch of the dungeon, and saw 4 of its levels.

You collected 190 gold pieces.

Inventory:

Hand Weapons
 a - a +0 war axe (weapon)
Armour
 b - a +0 scale mail (worn)
 c - a +0 shield (worn)
 r - a +0 pair of boots (worn)
Jewellery
 o - an uncursed ring of fire {unknown}
Scrolls
 e - 3 scrolls of remove curse {unknown}
 g - 2 scrolls of teleportation {unknown}
 h - a scroll of enchant weapon {unknown}
 i - a scroll of noise {unknown}
 k - 2 scrolls of fear {unknown}
 m - 4 scrolls of identify {unknown}
 p - a scroll of magic mapping {unknown}
 q - 2 scrolls of fog {unknown}
 t - 2 scrolls of blinking {unknown}
Potions
 d - 2 potions of might
 j - 2 potions of curing {unknown}
 l - a potion of invisibility {unknown}
 n - 3 potions of heal wounds {unknown}
 s - a potion of haste {unknown}
 v - a potion of brilliance {unknown}
Comestibles
 f - 7 rations
 u - 3 chunks of flesh


   Skills:
 + Level 5.9 Fighting
 + Level 5.2 Axes
 + Level 6.0 Armour
 + Level 6.0 Shields


You had 6 spell levels left.
You didn't know any spells.
Your spell library was empty.

Dungeon Overview and Level Annotations

Branches:
Dungeon (4/15)
 Temple: D:4-7

Altars:
Yredelemnul

Annotations:
D:4 Menkaure


Innate Abilities, Weirdness & Mutations

You reflexively headbutt those who attack you in melee.
You have a pair of horns on your head.


Message History

You hit Menkaure but do no damage. Menkaure hits you!!
You hit Menkaure.
Menkaure is moderately damaged.
Menkaure hits you. You block Menkaure's attack.
You barely miss Menkaure.
Menkaure is moderately damaged.
Menkaure barely misses you.
You hit Menkaure. You headbutt Menkaure.
Menkaure is heavily damaged.
Menkaure hits you!
Menkaure calls on the powers of darkness!
Your body is wracked with pain!
* * * LOW HITPOINT WARNING * * *
Unknown command.
You aren't carrying any items that you can evoke.
Sorry, you're not good enough to have a special ability.
You barely miss Menkaure.
Menkaure is heavily damaged.
Menkaure hits you!
You die...

#.......## ##.......
#........####........
##.......##.....#####
##.........)...# #
##.........#..#
##.......##..#
##.....###..#
###....### ...#
#.@...## ...
#..M...## ..
#......## #...#..##
#.......# #....##..
####. #.. # ..#


You could see Menkaure.

Vanquished Creatures
  Sigmund (D:4)
  An ogre (D:4)
  A crimson imp (D:3)
  5 orc wizards
  2 worker ants
  3 gnolls (D:3)
  A howler monkey skeleton (D:4)
  5 adders
  2 worms
  A dart slug (D:1)
  6 leopard geckos
  12 orcs
  3 ball pythons
  4 giant cockroaches
  6 goblins
  9 hobgoblins
  8 jackals
  A quokka (D:2)
  5 bats
  3 frilled lizards
  7 kobolds
  5 rats
91 creatures vanquished.

Notes
Turn   | Place    | Note
-------+----------+-------------------------------------------
     0 | D:1      | Aviak the Minotaur Fighter began the quest for the Orb.
     0 | D:1      | Reached XP level 1. HP: 19/19 MP: 0/0
   107 | D:1      | Reached XP level 2. HP: 27/27 MP: 1/1
   688 | D:2      | Reached XP level 3. HP: 33/33 MP: 2/2
  1057 | D:2      | Found a basalt altar of Yredelemnul.
  1187 | D:3      | Reached XP level 4. HP: 40/40 MP: 3/3
  1551 | D:3      | Reached XP level 5. HP: 35/47 MP: 4/4
  1746 | D:3      | Found a faded altar of an unknown god.
  1762 | D:3      | Reached skill level 5 in Fighting
  1762 | D:3      | Reached skill level 5 in Armour
  1762 | D:3      | Reached skill level 5 in Shields
  1796 | D:3      | Reached XP level 6. HP: 44/56 MP: 5/5
  2180 | D:4      | Found Ihanuz Ekhu's Distillery.
  2290 | D:4      | Noticed Sigmund
  2303 | D:4      | Killed Sigmund
  2303 | D:4      | Reached skill level 5 in Axes
  2303 | D:4      | Reached XP level 7. HP: 43/62 MP: 6/6
  2409 | D:4      | Noticed Menkaure
  2417 | D:4      | Slain by Menkaure

Levels and vault maps discovered:
D:1:      lemuel_arrival_lava_pool, layout_basic
D:2:      layout_rooms, marbit_many_paths, corner_web_ring,
          lemuel_another_geyser
D:3:      layout_basic, chequers_ecumenical_altar_simple
D:4:      layout_cave_pods, serial_shops, nicolae_shop_waterfront,
          uniq_menkaure, uniq_sigmund

Skill      XL: |  1  2  3  4  5  6  7 |
---------------+----------------------+-----
Armour         | 4 5 6 |  6.0
Fighting       | 4 5 |  5.9
Shields        | 4 5 6 |  6.0
Axes           | 3 4 5 |  5.2

Action                   |  1- 3 |  4- 6 |  7- 9 || total
-------------------------+-------+-------+-------++-------
Melee: War axe           |   125 |   119 |     9 ||   253
       Headbutt          |    13 |    20 |     1 ||    34
  Eat: Chunk             |     1 |     4 |       ||     5
Armor: Scale mail        |    65 |    60 |     1 ||   126
Dodge: Dodged            |    39 |    46 |     2 ||    87
Block: Shield            |    84 |    79 |     2 ||   165
